 Dungeon Crawl Stone Soup version 0.31-a0-728-g01b46875f1 (webtiles) character file.

Game seed: 16584109486818292510

404 javelincjr the Caller (level 6, -2/44 HPs)
             Began as a Gnoll Summoner on Sept 11, 2023.
             Slain by an ogre
             ... wielding a +4 dire flail
              (16 damage)
             ... on level 3 of the Dungeon.
             The game lasted 00:13:37 (2567 turns).

javelincjr the Caller (Gnoll Summoner)              Turns: 2567, Time: 00:13:38

Health: -2/44      AC:  5    Str:  7    XL:     6   Next: 86%
Magic:  13/23      EV: 13    Int: 17    God:
Gold:   164        SH:  0    Dex: 12    Spells: 9/15 levels left

rFire   . . .        l - +2 short sword (chaos)
rCold   . . .        (no shield)
rNeg    . . .        e - +0 troll leather armour {Pargi}
rPois   .            j - +0 helmet
rElec   .            (no cloak)
rCorr   .            (no gloves)
SInv    .            c - +0 pair of boots
Will    .....        (no amulet)
Stlth   ++           g - ring of magical power
HPRegen 1.07/turn    (no ring)
MPRegen 0.18/turn

%: no passive effects
@: no status effects
A: fangs 1, strong nose, distributed training
a: no special abilities


You were on level 3 of the Dungeon.
You visited 1 branch of the dungeon, and saw 3 of its levels.
You also visited: Sewer.

You collected 164 gold pieces.

Inventory:

Hand Weapons
 f - a +0 quarterstaff
 l - a +2 short sword of chaos (weapon)
 q - a +0 dagger of flaming
Missiles
 i - 17 poisoned darts
Armour
 a - a +0 robe
 c - a +0 pair of boots (worn)
 e - a +0 troll leather armour (worn) {Pargi}
 j - a +0 helmet (worn)
Magical Staves
 m - a staff of air
Jewellery
 g - a ring of magical power (left hand)
 r - an amulet of regeneration
Scrolls
 d - 2 scrolls of silence
 n - 4 scrolls of teleportation
Potions
 b - a potion of magic
 h - 2 potions of cancellation
 k - a potion of attraction
 o - a potion of degeneration {unknown}
 p - a potion of brilliance {unknown}


   Skills:
 + Level 2.2 Fighting
 + Level 2.2 Short Blades
 + Level 2.2 Long Blades
 + Level 2.2 Axes
 + Level 2.2 Maces & Flails
 + Level 2.2 Polearms
 + Level 2.2 Staves
 + Level 2.2 Ranged Weapons
 + Level 2.2 Throwing
 + Level 2.2 Armour
 + Level 5.1 Dodging
 + Level 4.7 Stealth
 + Level 2.2 Shields
 + Level 2.2 Unarmed Combat
 + Level 5.4 Spellcasting
 + Level 1.7 Conjurations
 + Level 1.7 Hexes
 + Level 7.3 Summonings
 + Level 1.7 Necromancy
 + Level 1.7 Translocations
 + Level 1.7 Transmutations
 + Level 1.7 Fire Magic
 + Level 1.7 Ice Magic
 + Level 1.7 Air Magic
 + Level 1.7 Earth Magic
 + Level 1.7 Poison Magic
 + Level 2.4 Invocations
 + Level 2.2 Evocations
 + Level 2.0 Shapeshifting


You had 9 spell levels left.
You knew the following spells:

 Your Spells              Type           Power      Damage    Failure   Level
a - Summon Small Mammal   Summ           100%       N/A       1%          1
b - Call Imp              Summ           58%        N/A       1%          2
c - Call Canine Familiar  Summ           29%        N/A       3%          3

Your spell library contained the following spells:

 Spells                   Type           Power      Damage    Failure   Level
 Summon Guardian Golem    Hex/Summ       20%        N/A       9%          3
 Summon Lightning Spire   Summ/Air       20%        N/A       30%         4


Dungeon Overview and Level Annotations

Branches:
Dungeon (3/15)              Sewer (visited)

Altars:

Annotations:
D:3 randomguy2701's ghost, amateur HOFi


Innate Abilities, Weirdness & Mutations

You have very sharp teeth.
Your uncanny sense of smell can sniff out nearby items.
Your experience applies equally to all skills.


Message History

Your hound bites the ogre.
You hit the ogre. You freeze the ogre.
The ogre is almost dead.
Your hound bites the ogre.
Your bat hits the ogre but does no damage.
Your cerulean imp hits the ogre from afar with a -2 spear.
The ogre dies!
Your Shapeshifting skill increases to level 2!
Things that are here:
a +0 giant club; an ogre corpse
There is a transporter here.
You enter the transporter and appear at another place.
Your bat hits the ogre.
Your hound bites the ogre.
Your bat barely misses the ogre.
You see here 2 golden potions.
Your bat closely misses the ogre.
Your hound closely misses the ogre.
The ogre hits your bat with a +0 giant club!
Your bat dies!
Your bat's corpse disappears in a puff of smoke!
Your hound bites the ogre.
You completely miss the ogre.
The ogre is lightly wounded.
The ogre hits you with a +4 dire flail!!
Ouch! That really hurt!
Your hound barely misses the ogre.
The ogre hits your hound with a +0 giant club!!
Your hound dies!
Your hound's corpse disappears in a puff of smoke!
Your cerulean imp hits the ogre but does no damage.
Casting: Call Imp (safe; 1% risk of failure)
Confirm with . or Enter, or press ? or * to list all spells.
The ogre hits you with a +4 dire flail!
* * * LOW HITPOINT WARNING * * *
You hit the ogre but do no damage.
The ogre suddenly seems more resistant.
You bite the ogre, but do no damage.
The ogre is lightly wounded.
Your hound bites the ogre but does no damage.
Your hound bites randomguy2701's ghost.
The ogre completely misses you. The ogre attacks as it pursues you!
The ogre hits you with a +4 dire flail!
You die...

..######.###..........## ##.....
.## #.# #.#####(.#..####......
## #.###[# ##.##...........
#.#.>.# #....#####...... #.#.###
#....# ##..... ####.#.# #....#
#...... #...#############.#
#...... #...#....5©O....###
#...... #####...#.#..#!#@.#.#
##..†.. ........#..##hWO##..#
##...# .####.>.#..##...##..#
##### .# #...#.#..#.#..#.# .#
#...#.....((...©## .#
#...###################
.####........©)©....).....#
..........................######
##############........##.......#


You could see 2 ogres, randomguy2701's ghost, a friendly hound (summoned) and a
friendly cerulean imp (summoned).

Vanquished Creatures
  An orc wizard (D:3)
  2 adders
  A worm (D:2)
  A dart slug (D:1)
  2 bats
  2 endoplasms
  3 giant cockroaches
  A goblin (D:1)
  5 hobgoblins
  A jackal (D:3)
  6 kobolds
  9 quokkas
  3 ball pythons
  2 frilled lizards
  4 rats (D:3)
43 creatures vanquished.

Vanquished Creatures (collateral kills)
  Pargi (Sewer)
  An ogre (D:3)
  A jelly (D:3)
  2 orc wizards (D:3)
  An adder (D:3)
  A worm (D:3)
  2 orcs (D:3)
  3 bats
  3 endoplasms
  3 giant cockroaches
  6 hobgoblins
  3 jackals
  A quokka (D:1)
  A ball python (D:1)
  A frilled lizard (D:2)
  2 goblins (D:1)
  A kobold (D:2)
  2 rats
35 creatures vanquished.

Grand Total: 78 creatures vanquished

Notes
Turn   | Place    | Note
-------+----------+-------------------------------------------
     0 | D:1      | javelincjr the Gnoll Summoner began the quest for the Orb.
     0 | D:1      | Reached XP level 1. HP: 13/13 MP: 6/6
   260 | D:1      | Reached XP level 2. HP: 18/19 MP: 4/7
   691 | D:1      | Reached skill level 5 in Spellcasting
   691 | D:1      | Reached XP level 3. HP: 24/25 MP: 5/9
   758 | D:1      | Learned a level 2 spell: Call Imp
   762 | D:1      | Learned a level 3 spell: Call Canine Familiar
   900 | D:2      | Reached skill level 1 in Invocations
  1129 | D:2      | Reached skill level 1 in Fighting
  1129 | D:2      | Reached skill level 1 in Short Blades
  1129 | D:2      | Reached skill level 1 in Long Blades
  1129 | D:2      | Reached skill level 1 in Axes
  1129 | D:2      | Reached skill level 1 in Maces & Flails
  1129 | D:2      | Reached skill level 1 in Polearms
  1129 | D:2      | Reached skill level 1 in Staves
  1129 | D:2      | Reached skill level 1 in Ranged Weapons
  1129 | D:2      | Reached skill level 1 in Throwing
  1129 | D:2      | Reached skill level 1 in Armour
  1129 | D:2      | Reached skill level 1 in Shields
  1129 | D:2      | Reached skill level 1 in Unarmed Combat
  1129 | D:2      | Reached skill level 1 in Evocations
  1452 | D:3      | Reached XP level 4. HP: 32/32 MP: 11/11
  1456 | D:3      | Reached skill level 1 in Shapeshifting
  1644 | D:3      | Reached skill level 1 in Conjurations
  1644 | D:3      | Reached skill level 1 in Hexes
  1644 | D:3      | Reached skill level 1 in Necromancy
  1644 | D:3      | Reached skill level 1 in Translocations
  1644 | D:3      | Reached skill level 1 in Transmutations
  1644 | D:3      | Reached skill level 1 in Fire Magic
  1644 | D:3      | Reached skill level 1 in Ice Magic
  1644 | D:3      | Reached skill level 1 in Air Magic
  1644 | D:3      | Reached skill level 1 in Earth Magic
  1644 | D:3      | Reached skill level 1 in Poison Magic
  1722 | D:3      | Reached XP level 5. HP: 37/37 MP: 12/12
  1870 | D:3      | Found a glowing drain.
  1887 | Sewer    | Entered a sewer
  2036 | Sewer    | Noticed Pargi
  2075 | Sewer    | Killed Pargi
  2076 | Sewer    | Reached skill level 5 in Dodging
  2076 | Sewer    | Reached XP level 6. HP: 13/44 MP: 10/14
  2310 | D:3      | Noticed randomguy2701's ghost (amateur HOFi)
  2311 | D:3      | Found a transporter.
  2315 | D:3      | Found a transporter.
  2567 | D:3      | Slain by an ogre

Illustrated notes

Levels and vault maps discovered:
D:1:      dpeg_arrival_pits, layout_basic
D:2:      layout_rooms
D:3:      layout_rooms, gup_sewer_entry_pipe, gammafunk_ghost_smash

Skill      XL: |  1  2  3  4  5  6 |
---------------+-------------------+-----
Spellcasting   | 5 |  5.4
Invocations    | 1 2 |  2.4
Fighting       | 1 2 |  2.2
Short Blades   | 1 2 |  2.2
Long Blades    | 1 2 |  2.2
Axes           | 1 2 |  2.2
Maces & Flails | 1 2 |  2.2
Polearms       | 1 2 |  2.2
Staves         | 1 2 |  2.2
Ranged Weapons | 1 2 |  2.2
Throwing       | 1 2 |  2.2
Armour         | 1 2 |  2.2
Shields        | 1 2 |  2.2
Unarmed Combat | 1 2 |  2.2
Evocations     | 1 2 |  2.2
Shapeshifting  | 1 2 |  2.0
Conjurations   | 1 |  1.7
Hexes          | 1 |  1.7
Necromancy     | 1 |  1.7
Translocations | 1 |  1.7
Transmutations | 1 |  1.7
Fire Magic     | 1 |  1.7
Ice Magic      | 1 |  1.7
Air Magic      | 1 |  1.7
Earth Magic    | 1 |  1.7
Poison Magic   | 1 |  1.7
Dodging        | 5 |  5.1
Stealth        | |  4.7
Summonings     | |  7.3

Action                     |  1- 3 |  4- 6 || total
---------------------------+-------+-------++-------
  Melee: Quarterstaff      |    56 |    23 ||    79
         Bite              |     5 |    10 ||    15
         Unarmed           |     2 |       ||     2
         Short sword       |       |    51 ||    51
         Punch             |       |     3 ||     3
   Cast: Summon Small Mamm |    32 |     5 ||    37
         Call Canine Famil |     8 |    15 ||    23
         Call Imp          |     7 |    14 ||    21
    Use: Scroll            |     3 |     6 ||     9
         Potion            |       |     1 ||     1
   Stab: Sleeping          |     2 |     1 ||     3
 Armour: Robe              |    34 |    47 ||    81
         Troll leather arm |       |     7 ||     7
  Dodge: Dodged            |    54 |    60 ||   114

Table legend: (Time is in decaauts)
 A = Elapsed time spent in this place.
 B = Non-inter-level travel time spent in this place.
 C = Inter-level travel time spent in this place.
 D = Time resting spent in this place.
 E = Time spent auto-exploring this place.
 F = Levels seen in this place.
 G = Mean time per level.
                   A        B        C        D        E       F      G
               +--------+--------+--------+--------+--------+-----+--------+
         Total |   2591 |   2521 |     70 |     57 |   1524 |   4 |  647.8 |
       Dungeon |   2226 |   2156 |     70 |     57 |   1284 |   3 |  742.0 |
         Sewer |    364 |    364 |      0 |      0 |    240 |   1 |  364.0 |
               +--------+--------+--------+--------+--------+-----+--------+

Top non-repeatable levels by time:
     D:1: 896 daAuts
     D:3: 765 daAuts
     D:2: 564 daAuts
   Sewer: 364 daAuts
